 Dungeon Crawl Stone Soup version 0.19.5 (webtiles) character file.

1301 NullDivider the Nimble (level 8, -15/40 HPs)
             Began as a Felid Monk on Apr 20, 2017.
             Was a Priest of Dithmenos.
             Demolished by Urug
             ... wielding a +1 glaive
              (20 damage)
             ... on level 10 of the Dungeon.
             The game lasted 01:20:55 (13610 turns).

NullDivider the Nimble (Felid Monk)                Turns: 13610, Time: 01:20:55

Health: -15/40     AC:  2    Str:  7    XL:     8   Next: 31%
Magic:  9/9        EV: 32    Int: 12    God:    Dithmenos [***...]
Gold:   435        SH:  0    Dex: 25    Spells: 0 memorised, 7 levels left
                                        Lives:  0   Deaths: 2

rFire  . . .     SeeInvis +       - Unarmed
rCold  . . .     Gourm    .     (armour unavailable)
rNeg   . . .     Faith    .     (shield unavailable)
rPois  .         Spirit   .     (helmet unavailable)
rElec  .         Reflect  .     (cloak unavailable)
rCorr  .         Harm     .     (gloves unavailable)
MR     +....                    (boots unavailable)
Stlth  +++++++...               (no amulet)
                                (no ring)
                                p - +3 ring of dexterity

@: wreathed by umbra, quick
A: no armour, no weapons or thrown items, stealth, claws 1, fangs 3, see
invisible, carnivore 3, speed 1, shaggy fur 2, slow metabolism 1, sharp paws
a: Shadow Step, Renounce Religion


You were on level 10 of the Dungeon.
You worshipped Dithmenos.
Dithmenos was most pleased with you.
You were not hungry.

You visited 2 branches of the dungeon, and saw 11 of its levels.

You collected 435 gold pieces.

Inventory:

Jewellery
 d - a +3 ring of intelligence
 g - an uncursed ring of ice
 m - an uncursed ring of ice
 p - a +3 ring of dexterity (left paw)
 q - an uncursed ring of flight
 w - an uncursed ring of magical power
Wands
 h - a wand of iceblast (0/15)
 s - a wand of slowing (9/48)
 E - a wand of enslavement (0/24)
Scrolls
 k - 5 scrolls of identify
 n - 2 scrolls of fear
 y - a scroll of remove curse
 z - a scroll of amnesia
 A - 2 scrolls of fog
 B - a scroll of magic mapping
 C - a scroll of blinking
Potions
 b - a potion of lignification {unknown}
 f - a potion of heal wounds
 i - a potion of cure mutation
 o - 2 potions of might {unknown}
 r - a potion of invisibility
 t - a potion of brilliance
 v - 4 potions of curing
Books
 e - a book of Cantrips

   Spells                             Type                      Level
   a - Confusing Touch                Hexes                        1
   b - Animate Skeleton               Necromancy                   1
   c - Summon Small Mammal            Summoning                    1
   d - Apportation                    Translocation                1
 j - a book of Party Tricks

   Spells                             Type                      Level
   a - Summon Butterflies             Summoning                    1
   b - Apportation                    Translocation                1
   c - Lesser Beckoning               Translocation                3
   d - Tukima's Dance                 Hexes                        3
   e - Alistair's Intoxication        Transmutation/Poison         5
   f - Invisibility                   Hexes                        6
 u - a book of Minor Magic

   Spells                             Type                      Level
   a - Magic Dart                     Conjuration                  1
   b - Blink                          Translocation                2
   c - Call Imp                       Summoning                    2
   d - Repel Missiles                 Charms/Air                   2
   e - Slow                           Hexes                        2
   f - Conjure Flame                  Conjuration/Fire             3
   g - Mephitic Cloud                 Conjuration/Poison/Air       3
Comestibles
 a - 7 meat rations
 l - a royal jelly
 x - a beef jerky
 D - 8 slices of pizza


   Skills:
 + Level 7.6 Fighting
 * Level 12.7 Dodging
 + Level 9.6 Stealth
 + Level 7.2 Unarmed Combat


You had 7 spell levels left.
You didn't know any spells.

Dungeon Overview and Level Annotations

Branches:
Dungeon (10/15)            Temple (1/1) D:6
   Lair: D:8-11         Orc: D:9-12

Altars:
Ashenzari
Cheibriados
Dithmenos
Elyvilon
Fedhas
Gozag
Hepliaklqana
Kikubaaqudgha
Makhleb
Nemelex Xobeh
Okawaru
Qazlal
Ru
Sif Muna
Trog
Uskayaw
Vehumet
Xom
Yredelemnul
Zin
The Shining One

Annotations:
D:3 nigger123's ghost, amateur FeEn
D:4 AAAAA's ghost, amateur NaEn
D:5 McKennaii's ghost, novice HEAE
D:10 Gastronok; Urug


Innate Abilities, Weirdness & Mutations

You cannot wear armour.
You are incapable of wielding weapons or throwing items.
Your paws allow you to move quietly. (Stealth)
You have sharp claws.
You have razor-sharp teeth.
You have supernaturally acute eyesight. (SInv)
You are carnivorous and can eat meat at any time.
You cover ground quickly.
You are covered in thick fur. (AC +2)
You have a slow metabolism.
Your sharp claws are effective at attacking unaware monsters.


Message History

Press: ? - help, Shift-Dir - straight line, f/p - Urug
Aim: Urug, wielding an enchanted glaive and wearing a scale mail (umbra, chance to defeat MR: 28%) Urug easily resists.
Evoking this partially-identified wand wasted a few charges.
Okay, then.
Zapping:
E - a wand of enslavement {zapped: 13} (will waste charges)
Press: ? - help, Shift-Dir - straight line, f/p - Urug
Aim: Urug, wielding an enchanted glaive and wearing a scale mail (umbra, chance to defeat MR: 28%) Nothing appears to happen.
Urug hits you from afar with an enchanted glaive!
* * * LOW HITPOINT WARNING * * *
Gastronok makes a strange noise.
Zapping:
s - a wand of slowing (will waste charges)
Press: ? - help, Shift-Dir - straight line, f - Gastronok, p - Urug
Aim: Gastronok, wearing an embroidered hat (black smoke, heavily wounded, umbra, chance to defeat MR: 9%) Gastronok resists with almost no effort.
Evoking this partially-identified wand wasted a few charges.
Urug hits you from afar with an enchanted glaive!!
Ouch! That really hurt!
You die...

#......#### #.......# ####'###
#......# ####'#### #.### ###.####
##.# #...# #.# #..# ######.# #.##
##'######## #......w #..#
###.........# #§..#### ####'###
#.'.........# #§w§#,§§ #......#
#.#..)§§....# #§§§#§§§ '......#
###.#..@§w....###§§§#§§§ #......#
#...#.§§§o§...'..§<§#§§§
#......###.###.§§§§....###...#§§§
#......##..# #.........# #...#§§§
#......##.## #.........# #...#,,,
#......'..# ###'####### #...#,,,
#......#### #..# #...#,,,
##'##### ##.## #####,,, #....#
#..# ####,,,


You could see Gastronok and Urug.

Vanquished Creatures
  A troll (D:7)
  2 hippogriffs
  Sigmund (D:4)
  A spriggan (D:8)
  3 yaks
  A wyvern (D:9)
  Eustachio (D:4)
  2 orc warriors
  A black bear (D:6)
  An ice beast (D:7)
  3 sky beasts
  A necrophage (D:8)
  2 centaurs
  Blork the orc (D:6)
  7 bullfrogs
  A wyvern zombie (D:8)
  A water moccasin zombie (D:9)
  6 scorpions
  A water moccasin skeleton (D:7)
  6 killer bees (D:8)
  A howler monkey (D:7)
  2 crimson imps
  A quasit (D:7)
  2 hounds
  2 jellies
  2 orc priests (D:6)
  3 orc wizards
  2 bullfrog skeletons (D:4)
  2 centaur skeletons
  Crazy Yiuf (D:2)
  A worker ant (D:6)
  4 iguanas
  A hound skeleton (D:4)
  A hound zombie (D:8)
  10 adders
  An adder skeleton (D:4)
  3 dart slugs
  6 leopard geckos
  36 orcs
  A ball python (D:4)
  7 giant cockroaches
  7 goblins
  5 hobgoblins
  13 jackals
  4 quokkas
  6 bats
  6 frilled lizards
  3 kobolds
  A quokka zombie (D:5)
  6 rats
  2 fungi (D:2)
185 creatures vanquished.

Notes
Turn   | Place    | Note
-------+----------+-------------------------------------------
     0 | D:1      | NullDivider the Felid Monk began the quest for the Orb.
     0 | D:1      | Reached XP level 1. HP: 10/10 MP: 2/2
   406 | D:1      | Reached XP level 2. HP: 14/14 MP: 3/3
  1099 | D:2      | Reached XP level 3. HP: 17/17 MP: 4/4
  1745 | D:2      | Found a runed door.
  1749 | D:2      | Noticed Crazy Yiuf
  1753 | D:2      | Killed Crazy Yiuf
  1753 | D:2      | Reached skill level 5 in Dodging
  1753 | D:2      | Reached XP level 4. HP: 21/21 MP: 5/5
  1783 | D:3      | Noticed nigger123's ghost (amateur FeEn)
  2309 | D:3      | Found a faded altar of an unknown god.
  2683 | D:3      | Found a sparkling altar of Nemelex Xobeh.
  3586 | D:4      | Reached XP level 5. HP: 11/25 MP: 6/6
  3634 | D:4      | Noticed AAAAA's ghost (amateur NaEn)
  3642 | D:4      | Noticed Eustachio
  3654 | D:4      | Killed Eustachio
  3654 | D:4      | Reached skill level 6 in Dodging
  3654 | D:4      | Gained mutation: You are covered in thick fur. (AC +2) [Felid growth]
  3654 | D:4      | Reached XP level 6. HP: 4/28 MP: 7/7
  3799 | D:4      | Reached skill level 5 in Stealth
  4210 | D:4      | Noticed Sigmund
  4212 | D:4      | Killed Sigmund
  4212 | D:4      | Reached skill level 7 in Dodging
  4212 | D:4      | Reached XP level 7. HP: 33/33 MP: 8/8
  5222 | D:5      | Entered Level 5 of the Dungeon
  5468 | D:5      | Reached skill level 8 in Dodging
  5527 | D:5      | Noticed McKennaii's ghost (novice HEAE)
  5820 | D:5      | Reached skill level 5 in Fighting
  6374 | D:6      | Noticed a yak
  6375 | D:6      | Noticed a yak
  6714 | D:6      | Noticed a hippogriff
  6765 | D:6      | Reached XP level 8. HP: 37/37 MP: 9/9
  6825 | D:6      | Found a staircase to the Ecumenical Temple.
  6881 | Temple   | Entered the Ecumenical Temple
  6960 | Temple   | Became a worshipper of Dithmenos the Shadowed
  6960 | Temple   | Reached * piety under Dithmenos
  6960 | Temple   | Reached ** piety under Dithmenos
  7107 | D:6      | Reached skill level 5 in Unarmed Combat
  7153 | D:6      | Reached skill level 9 in Dodging
  8204 | D:6      | Noticed Blork the orc
  8208 | D:6      | Killed Blork the orc
  8208 | D:6      | Reached skill level 10 in Dodging
  8380 | D:6      | HP: 1/38 [yak (16)]
  8799 | D:7      | Reached XP level 9. HP: 41/41 MP: 10/10
  8925 | D:7      | Noticed a troll
  8933 | D:7      | Killed a troll
  8992 | D:7      | Reached skill level 11 in Dodging
 10167 | D:8      | Reached skill level 12 in Dodging
 11215 | D:9      | Reached *** piety under Dithmenos
 11215 | D:9      | Reached XP level 10. HP: 47/47 MP: 11/11
 12214 | D:10     | Entered Level 10 of the Dungeon
 12219 | D:10     | Noticed Gastronok
 12225 | D:10     | Found a stormy altar of Qazlal.
 12236 | D:10     | Killed from afar by Gastronok
 12237 | D:10     | Reached XP level 9. HP: -11/43 MP: 8/10
 12316 | D:10     | Noticed Urug
 13545 | D:10     | Killed from afar by Gastronok
 13546 | D:10     | Reached XP level 8. HP: -11/40 MP: 9/9
 13610 | D:10     | Demolished by Urug

Skill      XL: |  1  2  3  4  5  6  7  8  9 |
---------------+----------------------------+-----
Stealth        | 3 4 5 6 7 9 |  9.6
Dodging        | 5 6 7 8 10 12 | 12.7
Fighting       | 4 5 6 7 |  7.6
Unarmed Combat | 4 5 7 |  7.2

Action                   |  1- 3 |  4- 6 |  7- 9 | 10-12 || total
-------------------------+-------+-------+-------+-------++-------
Melee: Unarmed           |    81 |   149 |   506 |    53 ||   789
       Punch             |     2 |     2 |    21 |     5 ||    30
       Bite              |     5 |    11 |    74 |     9 ||    99
Invok: Shadow Step       |       |       |     1 |     1 ||     2
Evoke: Wand              |       |     1 |    12 |       ||    13
  Use: Scroll            |     3 |     2 |    11 |     2 ||    18
       Potion            |       |     5 |     4 |       ||     9
 Stab: Sleeping          |     9 |     5 |    34 |     2 ||    50
       Distracted        |       |       |     6 |     1 ||     7
  Eat: Chunk             |     8 |     3 |    22 |       ||    33
Armor: Skin              |     6 |     6 |     5 |       ||    17
Dodge: Dodged            |    39 |   130 |   430 |    26 ||   625
